 Dungeon Crawl Stone Soup version 0.20-a0-1121-gbb42413 (webtiles) character file.

551661 Lochraine the Slayer (level 26, -10/381 HPs)
             Began as a Hill Orc Fire Elementalist on May 9, 2017.
             Was the Champion of Vehumet.
             Mangled by an electric golem (16 damage)
             ... on level 5 of the Realm of Zot on May 10, 2017.
             The game lasted 06:04:02 (72413 turns).

Lochraine the Slayer (Hill Orc Fire Elementalist)  Turns: 72413, Time: 06:04:03

Health: -10/381    AC: 33    Str: 20    XL:     26   Next: 33%
Magic:  35/35      EV:  2    Int: 24    God:    Vehumet [******]
Gold:   2567       SH:  0    Dex: 11    Spells: 4/50 levels left

rFire    + . .     SeeInvis .   b - +9 battleaxe (freeze)
rCold    . . .     Gourm    .   (shield currently unavailable)
rNeg     + + +     Faith    .   (armour currently unavailable)
rPois    +         Spirit   .   (helmet currently unavailable)
rElec    .         Reflect  .   (cloak currently unavailable)
rCorr    .         Harm     .   (gloves currently unavailable)
MR       ++...     NoTele   +   (boots currently unavailable)
Stlth    +.........             G - amulet of regeneration
Regen    1.2/turn               (no ring)
MPRegen  0.3/turn               g - ring of Xuibrere {rF+ Int+6 Stlth-}

@: tree-form
A: low mp 1, magic resistance 1
}: 3/15 runes: decaying, slimy, gossamer
a: Renounce Religion


You were on level 5 of the Realm of Zot.
You worshipped Vehumet.
Vehumet was exalted by your worship.
You were not hungry.
You were a tree.
You visited 11 branches of the dungeon, and saw 53 of its levels.
You visited 1 bazaar.
You also visited: Ice Cave.

You collected 6733 gold pieces.
You spent 4166 gold pieces at shops.

Inventory:

Hand Weapons
 a - a +3 antimagic war axe
   (You took it off a spriggan berserker on level 3 of the Depths)
 b - a +9 battleaxe of freezing (weapon)
   (You took it off a frost giant in an ice cave)
Armour
 n - a scarf of cloud immunity (melded)
   (You found it on level 5 of the Depths)
 w - a +2 pair of boots (melded)
   (You found it on level 5 of the Pits of Slime)
 J - the +13 chain mail of Anipuff (melded) {rElec Dex+3}
   (You bought it in a shop in a bazaar)

   It affects your dexterity (+3).
   It insulates you from electricity.
 K - the +3 pair of gauntlets of War (melded) {Slay+5}
   (You acquired it on level 4 of the Depths)

   It affects your accuracy and damage with ranged weapons and melee attacks
   (+5).
 L - the +2 hat of Too Many Cooks (melded) {Int+3 Slay+2}
   (You acquired it on level 5 of the Lair of Beasts)

   It affects your intelligence (+3).
   It affects your accuracy and damage with ranged weapons and melee attacks
   (+2).
Jewellery
 g - the ring of Xuibrere (right branch) {rF+ Int+6 Stlth-}
   (You found it on level 5 of the Pits of Slime)

   [ring of loudness]

   It affects your intelligence (+6).
   It protects you from fire.
   It makes you less stealthy.
 i - the ring of the Vanishing Ghosts {rCorr rElec rC+ Str-5}
   (You found it on level 5 of the Pits of Slime)

   [ring of resist corrosion]

   It affects your strength (-5).
   It protects you from cold.
   It insulates you from electricity.
 z - an uncursed ring of see invisible
   (You found it on level 1 of the Swamp)
 B - an uncursed ring of flight
   (You found it on level 2 of the Lair of Beasts)
 G - an amulet of regeneration (around neck)
   (You found it on level 3 of the Lair of Beasts)
 T - the ring "Jyutogenag" {rPois rF+}
   (You took it off a tengu warrior on level 4 of the Depths)

   [ring of poison resistance]

   It protects you from fire.
   It protects you from poison.
 W - an uncursed ring of wizardry
   (You bought it in a shop on level 2 of the Orcish Mines)
Wands
 d - a wand of iceblast (11/15)
   (You found it on level 2 of the Depths)
 f - a wand of lightning (5/15)
   (You found it on level 1 of the Lair of Beasts)
 j - a wand of enslavement (11/24)
   (You found it on level 4 of the Dungeon)
 u - a wand of paralysis (14/24)
   (You found it on level 3 of the Vaults)
 S - a wand of scattershot (3/9)
   (You found it on level 6 of the Lair of Beasts)
Scrolls
 e - 11 scrolls of identify {@r1}
 h - 7 scrolls of immolation {!r}
 k - 3 scrolls of fog
 l - a scroll of silence
 p - a scroll of enchant armour
 x - a scroll of brand weapon
 D - 23 scrolls of remove curse {@r2}
 F - 8 scrolls of teleportation {@r4}
 H - 3 scrolls of amnesia
 I - 2 scrolls of fear
 V - 5 scrolls of recharging
 Y - 3 scrolls of blinking
 Z - a scroll of summoning
Potions
 o - 2 potions of might
 r - 5 potions of ambrosia
 v - 2 potions of agility
 y - 2 potions of flight
 A - 3 potions of cancellation
 E - a potion of haste {@q3}
 M - 2 potions of mutation {!q}
 O - 5 potions of brilliance
 P - a potion of invisibility
 Q - 2 potions of magic
 R - a potion of berserk rage
 U - 12 potions of curing {@q1}
Miscellaneous
 C - a phantom mirror
 N - a fan of gales
   (You found it on level 1 of the Spider Nest)
 X - a box of beasts
Comestibles
 q - 18 bread rations
 s - 12 meat rations


   Skills:
 - Level 24.0 Fighting
   Level 4.0 Short Blades
 - Level 23.9 Axes
 + Level 18.1 Armour
 - Level 5.5 Dodging
 - Level 1.5 Stealth
   Level 4.0 Shields
 - Level 12.8 Spellcasting
 - Level 12.2 Conjurations
 - Level 3.1 Hexes
 - Level 2.6 Charms
 + Level 18.6 Fire Magic
 - Level 9.0 Ice Magic
 - Level 9.0 Air Magic
 - Level 11.0 Evocations


You had 4 spell levels left.
You knew the following spells:

 Your Spells              Type           Power        Failure   Level  Hunger
a - Spectral Weapon       Hex/Chrm       ####....     3%          3    None
b - Sticky Flame          Conj/Fire      ######..     1%          4    None
c - Throw Icicle          Conj/Ice       ######..     1%          4    None
d - Conjure Flame         Conj/Fire      ######..     0%          3    None
e - Blink                 Tloc           N/A          6%          2    None
f - Bolt of Magma         Conj/Fire/Erth ######....   1%          5    ###....
g - Freezing Cloud        Conj/Ice/Air   ######....   2%          6    #####..
h - Ignition              Fire           #######...   3%          8    #######
i - Regeneration          Chrm/Necr      ###.......   7%          3    None
s - Swiftness             Chrm/Air       #####...     1%          2    None
x - Fireball              Conj/Fire      ######....   1%          5    ###....
z - Animate Skeleton      Necr           N/A          4%          1    None


Dungeon Overview and Level Annotations

Branches:
Dungeon (15/15)            Temple (1/1) D:4            Lair (6/6) D:9
  Swamp (4/4) Lair:4       Spider (4/4) Lair:3        Slime (5/5) Lair:6
    Orc (2/2) D:11            Elf (2/3) Orc:2        Vaults (4/5) D:14
  Crypt (0/3) Vaults:3     Depths (5/5) D:15            Zot (5/5) Depths:5

Altars:
Ashenzari
Cheibriados
Dithmenos
Elyvilon
Fedhas
Gozag
Hepliaklqana
Kikubaaqudgha
Makhleb
Nemelex Xobeh
Okawaru
Qazlal
Ru
Sif Muna
Trog
Uskayaw
Vehumet
Wu Jian
Xom
Yredelemnul
Zin
The Shining One
Beogh
Jiyva
Lugonu

Shops:
Orc:1 !   Orc:2 [=(?!}   Elf:2 =   Vaults:2 ((}

Portals:
Hell: Depths:1 Depths:2 Depths:3 Depths:4 Depths:5
Abyss: Depths:1 Depths:4
Pandemonium: Depths:1 Depths:2 Depths:3 Depths:4
Ziggurat: Depths:4

Annotations:
D:8 1 exclusion
Elf:2 4 runed doors
Zot:1 exclusion: door
Zot:5 1 exclusion


Innate Abilities, Weirdness & Mutations

((Your flesh is cold resistant. (rC+)))
Your magical capacity is low. (-10% MP)
You are resistant to hostile enchantments. (MR+)
((Your movements are slightly less encumbered by armour. (ER -2)))


Message History

You're too confused!
Unknown command.
Okay, then.
Unknown command.
Okay, then.
Unknown command.
You're too confused!
Unknown command.
Unknown command.
Okay, then.
You're too confused!
Unknown command.
Unknown command.
You feel better.
You feel less invigorated.
The electric golem hurls lightning at you.
Helpless, you fail to dodge the bolt of lightning.
* * * LOW HITPOINT WARNING * * *
Unknown command.
Aim: an electric golem (magic immune)
Okay, then.
Unknown command.
Okay, then.
Unknown command.
Okay, then.
Unknown command.
Okay, then.
Unknown command.
Here: an electric golem The floor, spattered with blood.
Okay, then.
Unknown command.
Here: an electric golem The floor, spattered with blood.
You cannot teleport because you are held in place by your roots.
Unknown command.
Unknown command.
Unknown command.
Okay, then.
Unknown command.
Put on which piece of jewellery? (? for menu, Esc to quit)
You're wearing all the rings you can.
Remove which one? (? for menu, Esc to cancel) < or
W - a ring of wizardry > or
g - the ring of Xuibrere {rF+ Int+6 Stlth-} You remove your ring of wizardry.
The electric golem hits you but does no damage.
The electric golem hits you.
* * * LOW HITPOINT WARNING * * *
The electric golem shocks you!
You die...

*,,,,,,,,,,,** *,,,,,,,,,,,,,,,,
*,,,,,,,,,,,* *,,,,,,,,,,,,,,,,
*,,,,,,,,,,,** *,,,,,,,,,,,,,,,,
,,,,,,,,,,,,,* **,,,,,,,,,,,,,,,
,,,,,,,,,,,,,** **,,,,,,,,,,,,,,
,,,,,,,,,,,,,,* **,,,,,,,,,,,,,
****##.########▓▓▓▓######********
,*,*...........8/##..)..##
.#,,..#+#..#.###♣+.......#
..,.***,##.###.#.#.......# ######
..#.#*,,,####..#.'.......###....#
,...*,,,,,+...#####.....##.#?...#
,#.###,,,*##.##..###...##.##...##
##.#.#*,*##...#..###'###......##
.....#####....#.<.....#..###.##
.....#..##..###..⌠..#.....#..###
...#.#..#...........#....##....#


You could see an electric golem.

Vanquished Creatures
  the Royal Jelly (Slime:5)
  An ancient lich (Depths:2)
  Bai Suzhen (Depths:2)
  the Lernaean hydra (Swamp:4)
  Margery (Depths:3)
  A Killer Klown (Zot:5)
  A caustic shrike (Depths:2)
  6 golden dragons
  the Enchantress (Depths:5)
  Arachne (Spider:3)
  Jorgrun (Vaults:4)
  3 tentacled monstrosities
  3 liches
  Asterion (Vaults:1)
  2 quicksilver dragons
  A death cob (Zot:5)
  13 acid blobs
  2 tengu reavers
  The ghost of mopl the Cruncher, an adept GnBe of Trog (Swamp:3)
  A sphinx (Vaults:2)
  7 shadow dragons
  6 draconian monks
  9 azure jellies
  7 storm dragons
  2 deep elf sorcerers
  9 fire giants
  7 frost giants
  2 draconian scorchers
  A balrug (Depths:4)
  A fire giant (shapeshifter) (Depths:2)
  3 draconian knights
  An iron dragon (Depths:4)
  7 ghost moths
  4 draconian shifters
  An orc warlord (Vaults:4)
  11 vault wardens
  7 emperor scorpions
  A cacodemon (Depths:1)
  3 draconian annihilators
  6 ironheart preservers
  A reaper (Depths:4)
  A war gargoyle (Depths:3)
  A deep elf elementalist (Depths:4)
  12 very ugly things
  4 spriggan defenders
  A vampire knight (Depths:2)
  8 entropy weavers
  2 draconian stormcallers
  14 stone giants
  12 green draconians
  Nessos (Orc:2)
  3 deep elf demonologists
  A deep elf annihilator (Elf:1)
  7 red draconians
  10 black draconians
  6 spark wasps
  3 white draconians
  4 purple draconians
  4 yellow draconians
  16 great orbs of eyes
  10 ettins
  Snorg (D:12)
  A blizzard demon (Depths:4)
  11 fire dragons
  11 death oozes (Slime:5)
  5 deep elf high priests
  2 jiangshi
  A monstrous demonspawn (Depths:2)
  5 vault guards
  15 yaktaur captains
  12 ice dragons
  Erolcha (Orc:2)
  2 rakshasas
  21 hydras
  The ghost of Azzok the Basher, a journeyman CeBe of Trog (D:11)
  A hell beast (Depths:2)
  9 spriggan air magi
  A death knight (Vaults:2)
  8 centaur warriors
  15 ogre magi
  3 ghost crabs
  40 two-headed ogres
  5 alligators
  9 deep troll earth magi
  15 dancing weapons
  7 deep troll shamans
  3 death yaks (D:9)
  3 orc high priests
  16 tengu warriors
  8 death scarabs (Spider:4)
  A shock serpent (shapeshifter) (Depths:1)
  17 hell knights
  2 vampire magi
  2 soul eaters (Depths:4)
  Sonja (Lair:4)
  4 sun demons
  8 spriggan berserkers
  A storm dragon zombie (Vaults:4)
  Urug (D:11)
  Nergalle (Orc:2)
  12 deep elf knights
  An iron troll (Depths:4)
  11 spriggans
  A fire crab (Lair:6)
  A spectral emperor scorpion (Spider:4)
  4 skeletal warriors
  A shadow wraith (Vaults:4)
  A gelid demonspawn (Depths:1)
  A fire crab (shapeshifter) (Vaults:4)
  5 flayed ghosts
  2 quicksilver dragon simulacra (Depths:4)
  16 swamp dragons
  A spriggan druid (Swamp:2)
  12 deep elf archers
  3 death drakes (Depths:5)
  2 unseen horrors
  5 glowing orange brains
  A swamp dragon (shapeshifter) (Vaults:2)
  5 harpies (Vaults:3)
  6 lindwurms
  A wizard (Depths:3)
  3 phantasmal warriors
  8 necromancers
  31 deep trolls
  18 orc knights
  11 ironbrand convokers
  2 spectral wolf spiders (Spider:4)
  23 orb spiders
  The ghost of Lochraine the Firebug, a novice HOFE of Ashenzari (D:6)
  A harpy (shapeshifter) (D:13)
  4 wolf spider zombies
  54 deep elf magi
  An orb spider (shapeshifter) (Depths:1)
  A wolf spider (shapeshifter) (Depths:2)
  36 wolf spiders
  A faun (shapeshifter) (D:15)
  11 orc sorcerers
  2 manticores
  73 ugly things
  9 cyclopes
  8 moths of wrath
  3 black mambas
  8 elephants
  3 ice statues
  3 torpor snails
  8 rust devils
  9 vault sentinels
  A black mamba (shapeshifter) (Vaults:3)
  An orange demon (Depths:2)
  A human zombie (Vaults:4)
  2 gargoyles
  17 spiny frogs
  A kobold demonologist (D:13)
  2 spectral redbacks (Spider:4)
  An efreet (Depths:4)
  3 redback zombies (Spider:4)
  4 rime drakes (Lair:6)
  4 freezing wraiths
  A komodo dragon (shapeshifter) (Vaults:2)
  52 yaktaurs
  16 demonic crawlers
  3 komodo dragons
  4 red devils
  A hellwing (Depths:1)
  A human skeleton (Vaults:4)
  A meliai (shapeshifter) (Depths:3)
  5 tengu conjurers
  A polar bear (shapeshifter) (Vaults:4)
  22 polar bears
  A jumping spider (shapeshifter) (Vaults:4)
  A wind drake (Depths:5)
  12 trolls
  53 jumping spiders
  21 hornets
  6 tyrant leeches
  A spectral tarantella (Spider:4)
  A jumping spider zombie (Spider:4)
  3 raiju (Lair:6)
  4 blink frogs (Lair:2)
  A hippogriff (shapeshifter) (Elf:1)
  2 bog bodies
  7 hippogriffs
  A spectral jumping spider (Spider:4)
  A harpy skeleton (D:15)
  73 slime creatures
  A fire giant simulacrum (Vaults:4)
  3 tarantella zombies (Spider:4)
  2 flying skulls (Depths:4)
  A redback (shapeshifter) (Depths:2)
  13 air elementals
  96 redbacks
  6 shadows
  39 yaks
  10 water elementals
  4 wyverns
  3 wraiths
  25 tarantellas
  A hog (shapeshifter) (Vaults:3)
  3 steam dragons
  A neqoxec (Depths:1)
  3 fire elementals
  A golden eye (Slime:5)
  A hungry ghost (D:9)
  7 basilisks
  Menkaure (D:5)
  22 vampire mosquitoes
  18 swamp worms
  10 wargs
  Edmund (D:5)
  7 water moccasins
  15 insubstantial wisps
  A soldier ant (D:10)
  Duvessa (D:7)
  5 acid dragons
  19 hell hounds
  4 floating eyes
  A spectral hornet (Spider:4)
  10 porcupines
  8 ice beasts
  2 sky beasts
  21 swamp drakes
  43 orc warriors
  4 ettin simulacra (Depths:4)
  An eye of draining (shapeshifter) (Depths:3)
  A hornet zombie (Spider:4)
  A black bear (shapeshifter) (D:13)
  The ghost of Graouh the Shield-Bearer, an amateur MiFi (D:3)
  11 black bears (Lair:6)
  5 phantoms
  4 eyes of draining
  2 necrophages
  4 boggarts
  39 ogres
  39 wolves
  7 centaurs
  25 crocodiles
  4 big kobolds
  A big kobold (shapeshifter) (Depths:5)
  15 bullfrogs
  Blork the orc (D:4)
  A gnoll sergeant (D:8)
  A deep troll simulacrum (Vaults:3)
  An earth elemental (Elf:1)
  Dowan (D:7)
  3 scorpions
  10 killer bees
  7 howler monkeys
  8 wights
  2 electric eels
  15 crimson imps
  A bullfrog zombie (D:12)
  10 jellies
  3 quasits
  3 bullfrog skeletons
  A human simulacrum (Vaults:1)
  29 orc priests
  5 hounds
  37 orc wizards
  9 centaur skeletons
  2 iron imps
  11 iguanas
  11 worker ants
  3 hell rats (D:9)
  A hound skeleton (D:8)
  A mummy (D:4)
  A howler monkey zombie (D:6)
  4 gnolls (D:8)
  7 adders
  A river rat (D:9)
  3 shadow imps
  2 white imps (Depths:1)
  An ooze (Lair:6)
  An adder skeleton (D:5)
  3 worms
  2 dart slugs (D:1)
  4 leopard geckos
  88 orcs
  5 giant cockroaches
  14 goblins
  9 hobgoblins
  10 jackals
  A quokka (shapeshifter) (Depths:3)
  3 quokkas
  7 bats
  7 frilled lizards
  A goblin zombie (D:4)
  26 kobolds
  A leopard gecko skeleton (D:5)
  An orc zombie (D:4)
  A quokka skeleton (D:5)
  9 rats
  2 fungi
  3 plants
2252 creatures vanquished.

Vanquished Creatures (collateral kills)
  A stone giant (Depths:2)
  A spriggan berserker (Depths:4)
  A soul eater (Depths:4)
  An ice devil (Depths:4)
  3 fire bats (D:8)
  2 boggarts (Depths:4)
  A leopard gecko skeleton (D:8)
10 creatures vanquished.

Vanquished Creatures (others)
  A curse toe (Zot:5)
  An electric golem (Zot:1)
  A draconian annihilator (Zot:1)
  A hydra (Swamp:3)
  2 deep elf knights (Elf:1)
  A spriggan druid (Swamp:4)
  A wizard (Depths:2)
  A deep elf mage (Elf:1)
  An ugly thing (Depths:1)
  A demonic crawler (Spider:1)
  A shadow (Depths:4)
  3 water elementals (Depths:1)
  A fire bat (D:8)
  A hell hound (Lair:6)
  2 swamp drakes
  A black bear (shapeshifter) (Vaults:3)
  A wolf (Lair:6)
  A kobold (D:12)
  A butterfly (D:8)
  3 fire vortices (D:8)
  20 fungi
  11 plants (Lair:6)
  9 spectral weapons
66 creatures vanquished.

Grand Total: 2328 creatures vanquished

Notes
Turn   | Place    | Note
-------+----------+-------------------------------------------
     0 | D:1      | Lochraine the Hill Orc Fire Elementalist began the quest for the Orb.
     0 | D:1      | Reached XP level 1. HP: 14/14 MP: 3/3
   111 | D:1      | Reached XP level 2. HP: 6/20 MP: 0/4
   771 | D:1      | Learned a level 2 spell: Throw Flame
   804 | D:1      | Reached XP level 3. HP: 24/26 MP: 5/5
  1441 | D:2      | Learned a level 3 spell: Conjure Flame
  1643 | D:2      | Reached XP level 4. HP: 21/33 MP: 5/7
  2258 | D:3      | Noticed Graouh's ghost (amateur MiFi)
  3327 | D:3      | Found a stormy altar of Qazlal.
  3333 | D:3      | Reached XP level 5. HP: 38/38 MP: 5/8
  3689 | D:3      | Reached skill level 1 in Shields
  3940 | D:3      | Killed Graouh's ghost
  3940 | D:3      | Reached XP level 6. HP: 21/45 MP: 1/9
  4122 | D:4      | Noticed a phantom
  4223 | D:4      | Killed a phantom
  4401 | D:4      | Noticed Blork the orc
  4548 | D:4      | Reached XP level 7. HP: 46/50 MP: 9/11
  4875 | D:4      | Learned a level 4 spell: Sticky Flame
  5117 | D:4      | Found an ornate altar of the Wu Jian Council.
  5118 | D:4      | Found a bloodstained altar of Trog.
  5165 | D:4      | Found a staircase to the Ecumenical Temple.
  5266 | D:4      | Killed Blork the orc
  5474 | Temple   | Entered the Ecumenical Temple
  5506 | Temple   | Became a worshipper of Vehumet
  5556 | D:5      | Entered Level 5 of the Dungeon
  5566 | D:5      | Found a shattered altar of Ashenzari.
  5605 | D:5      | Reached skill level 5 in Conjurations
  5605 | D:5      | Reached skill level 5 in Fire Magic
  5739 | D:5      | Noticed Edmund
  5978 | D:5      | Found a basalt altar of Yredelemnul.
  6035 | D:5      | Noticed Menkaure
  6065 | D:5      | Killed Menkaure
  6065 | D:5      | Reached XP level 8. HP: 57/57 MP: 6/12
  6170 | D:5      | Killed Edmund
  6532 | D:5      | Found a radiant altar of Vehumet.
  6798 | D:5      | Found a glowing golden altar of the Shining One.
  6852 | D:5      | Found a snail-covered altar of Cheibriados.
  7238 | D:6      | Reached * piety under Vehumet
  7238 | D:6      | Offered knowledge of Freeze by Vehumet.
  7531 | D:6      | Noticed Lochraine's ghost (novice HOFE)
  7578 | D:5      | Reached XP level 9. HP: 38/62 MP: 2/15
  7974 | D:6      | Found an ancient bone altar of Kikubaaqudgha.
  8048 | D:6      | Learned a level 5 spell: Fireball
  8161 | D:6      | HP: 1/62 [Lochraine's ghost/flame tongue (20)]
  8176 | D:6      | Gained mutation: You are resistant to hostile enchantments. (MR+) [potion of mutation]
  8176 | D:6      | Gained mutation: Your movements are slightly less encumbered by armour. (ER -2) [potion of mutation]
  8176 | D:6      | Gained mutation: Your flesh is cold resistant. (rC+) [potion of mutation]
  8179 | D:6      | Killed Lochraine's ghost
  8584 | D:6      | Found a white marble altar of Elyvilon.
  9391 | D:7      | Found an iron altar of Okawaru.
  9430 | D:7      | Reached ** piety under Vehumet
  9732 | D:7      | Offered knowledge of Shock by Vehumet.
  9915 | D:7      | Noticed Duvessa
  9915 | D:7      | Noticed Dowan
  9943 | D:7      | Killed Dowan
  9943 | D:7      | Reached XP level 10. HP: 60/69 MP: 10/17
  9945 | D:7      | Killed Duvessa
  9945 | D:7      | Reached skill level 5 in Spellcasting
 10046 | D:7      | Found a deep blue altar of Sif Muna.
 10123 | D:8      | Found a blossoming altar of Fedhas.
 10127 | D:8      | Noticed an orc sorcerer
 10128 | D:8      | Noticed an orc sorcerer
 10150 | D:8      | Killed an orc sorcerer
 10150 | D:8      | Reached skill level 5 in Armour
 10188 | D:8      | Noticed an orc sorcerer
 10268 | D:8      | Killed an orc sorcerer
 10576 | D:8      | Killed an orc sorcerer
 11067 | D:8      | Noticed a two-headed ogre
 11082 | D:8      | Killed a two-headed ogre
 11082 | D:8      | Reached skill level 10 in Conjurations
 12480 | D:8      | Found a shimmering altar of Xom.
 13158 | D:8      | Found an opulent altar of Gozag.
 13158 | D:8      | Found a glowing silver altar of Zin.
 13203 | D:8      | Reached XP level 11. HP: 75/75 MP: 12/19
 13232 | D:8      | Reached skill level 1 in Fighting
 13362 | D:9      | Found a sacrificial altar of Ru.
 13380 | D:9      | Offered knowledge of Stone Arrow by Vehumet.
 13442 | D:9      | Found a staircase to the Lair.
 13442 | D:9      | Noticed a death yak
 13443 | D:9      | Noticed a death yak
 13444 | D:9      | Noticed a death yak
 13469 | D:9      | Reached skill level 2 in Fighting
 13492 | D:9      | Killed a death yak
 13509 | D:9      | Killed a death yak
 13509 | D:9      | Reached skill level 3 in Fighting
 13710 | D:9      | Killed a death yak
 13804 | D:9      | Reached skill level 4 in Fighting
 13909 | D:9      | Reached *** piety under Vehumet
 13997 | D:9      | Reached skill level 1 in Short Blades
 14544 | Lair:1   | Entered Level 1 of the Lair of Beasts
 14862 | Lair:1   | Got a smoking rapier
 14864 | Lair:1   | Identified the +3 rapier of Extermination {antimagic, rPois rC++ SInv Stlth+} (You found it on level 1 of the Lair of Beasts)
 14886 | Lair:1   | Reached skill level 5 in Fighting
 16126 | Lair:2   | Reached XP level 12. HP: 80/94 MP: 3/22
 16267 | Lair:2   | Offered knowledge of Airstrike by Vehumet.
 17003 | Lair:2   | Reached skill level 6 in Fighting
 17171 | Lair:2   | Got an ichor-stained war axe
 17202 | Lair:2   | Identified the +9 war axe "Lud Wied" {chop, *Contam Str+6} (You found it on level 2 of the Lair of Beasts)
 17242 | Lair:2   | Got a shimmering short sword
 17264 | Lair:2   | Reached skill level 1 in Axes
 17268 | Lair:2   | Reached skill level 10 in Fire Magic
 18223 | Lair:3   | Reached skill level 7 in Fighting
 18268 | Lair:3   | Found a hole to the Spider Nest.
 18349 | Lair:3   | Reached **** piety under Vehumet
 18513 | Lair:3   | Reached skill level 5 in Axes
 18810 | Lair:3   | Got a scorched long sword
 18817 | Lair:3   | Identified the +4 long sword of the Present {distort, *Corrode rPois Int+4} (You found it on level 3 of the Lair of Beasts)
 19299 | Lair:3   | Offered knowledge of Lee's Rapid Deconstruction by Vehumet.
 19637 | Lair:4   | Found a staircase to the Swamp.
 19779 | Lair:4   | Noticed a seven-headed hydra
 19785 | Lair:4   | Killed a seven-headed hydra
 19785 | Lair:4   | Reached XP level 13. HP: 107/107 MP: 10/24
 20004 | Lair:4   | Noticed Sonja
 20012 | Lair:4   | Killed Sonja
 20012 | Lair:4   | Reached skill level 8 in Fighting
 20275 | Lair:4   | Reached ***** piety under Vehumet
 20389 | Lair:5   | Offered knowledge of Olgreb's Toxic Radiance by Vehumet.
 20476 | Lair:5   | Identified a scroll of acquirement
 20477 | Lair:5   | Got a warped hat
 20483 | Lair:5   | Identified the +2 hat of Too Many Cooks {Int+3 Slay+2} (You acquired it on level 5 of the Lair of Beasts)
 20648 | Lair:5   | Learned a level 4 spell: Throw Icicle
 21371 | Lair:5   | Got a shimmering battleaxe
 21377 | Lair:5   | Identified the Papyrus of Feathers and Stones
 21394 | Lair:5   | Identified the +11 battleaxe of Rotation {flame, *Rage +Blink rN+} (You found it on level 5 of the Lair of Beasts)
 21527 | Lair:6   | Entered Level 6 of the Lair of Beasts
 21550 | Lair:6   | Found a staircase to the Slime Pits.
 21583 | Lair:6   | Reached skill level 9 in Fighting
 21600 | Lair:6   | Reached skill level 10 in Axes
 21745 | Lair:6   | Noticed a fire dragon
 22372 | Lair:6   | Reached XP level 14. HP: 86/119 MP: 19/26
 22382 | Lair:6   | Reached skill level 10 in Fighting
 23662 | D:10     | Entered Level 10 of the Dungeon
 24351 | D:11     | Found a frozen archway.
 24354 | D:11     | Noticed Azzok's ghost (journeyman CeBe)
 24365 | D:11     | Killed Azzok's ghost
 24405 | IceCv    | Entered an ice cave
 24431 | IceCv    | Reached ****** piety under Vehumet
 24442 | IceCv    | Reached skill level 11 in Fighting
 24924 | IceCv    | Offered knowledge of Spellforged Servitor by Vehumet.
 24939 | IceCv    | Reached skill level 10 in Armour
 24987 | IceCv    | Noticed a frost giant
 25011 | IceCv    | Killed a frost giant
 25471 | D:11     | Found a staircase to the Orcish Mines.
 25572 | D:11     | Noticed Urug
 25584 | D:11     | Killed Urug
 25593 | D:11     | Learned a level 3 spell: Inner Flame
 25956 | D:12     | Reached XP level 15. HP: 121/132 MP: 27/27
 26118 | D:12     | Noticed Snorg
 26122 | D:12     | Killed Snorg
 26122 | D:12     | Reached skill level 15 in Axes
 26514 | D:13     | Reached skill level 12 in Fighting
 27253 | D:14     | Offered knowledge of Bolt of Magma by Vehumet.
 27510 | D:14     | Learned a level 5 spell: Bolt of Magma
 27912 | D:14     | Found a gate to the Vaults.
 27938 | D:15     | Entered Level 15 of the Dungeon
 28327 | D:15     | Reached skill level 13 in Fighting
 28512 | D:15     | Found a staircase to the Depths.
 28603 | D:15     | Noticed a fire giant
 28827 | Orc:1    | Entered Level 1 of the Orcish Mines
 29297 | Orc:1    | Found Doostibbi's Distillery.
 29305 | Orc:1    | Bought a potion of heal wounds for 80 gold pieces
 29323 | Orc:1    | Found a roughly hewn altar of Beogh.
 29416 | Orc:2    | Entered Level 2 of the Orcish Mines
 29460 | Orc:2    | Found Ziaff's Antique Armour Shop.
 29550 | Orc:2    | Found Jiololy's Jewellery Shoppe.
 29595 | Orc:2    | Found a staircase to the Elven Halls.
 29604 | Orc:2    | Offered knowledge of Lightning Bolt by Vehumet.
 29617 | Orc:2    | Found a roughly hewn altar of Beogh.
 29633 | Orc:2    | Noticed Nessos
 29658 | Orc:2    | Killed Nessos
 29658 | Orc:2    | Reached XP level 16. HP: 104/144 MP: 9/28
 30202 | Orc:2    | Found an ancient bone altar of Kikubaaqudgha.
 30203 | Orc:2    | Noticed Nergalle
 30216 | Orc:2    | Killed Nergalle
 30228 | Orc:2    | Found Puffau Fyro's Magic Scroll Shop.
 30251 | Orc:2    | Noticed Erolcha
 30257 | Orc:2    | Killed Erolcha
 30273 | Orc:2    | Bought 3 scrolls of teleportation for 135 gold pieces
 30275 | Orc:2    | Found a radiant altar of Vehumet.
 30299 | Orc:2    | Found a roughly hewn altar of Beogh.
 30299 | Orc:2    | Found Baroohai's Gadget Boutique.
 30316 | Orc:2    | Found Cyfeinee's Distillery.
 30325 | Orc:2    | Found Igusuaf's Antique Weapon Shop.
 30328 | Orc:2    | Bought a potion of invisibility for 96 gold pieces
 30328 | Orc:2    | Bought a potion of haste for 120 gold pieces
 30387 | Orc:2    | Bought a scroll of enchant weapon for 112 gold pieces
 30387 | Orc:2    | Bought a scroll of enchant armour for 112 gold pieces
 30462 | Orc:2    | Bought an uncursed ring of protection from fire for 350 gold pieces
 30591 | Lair:3   | Gained mutation: Your magical capacity is low. (-10% MP) [mutagenic glow]
 30623 | Swamp:1  | Entered Level 1 of the Swamp
 31701 | Swamp:2  | Offered knowledge of Iron Shot by Vehumet.
 32003 | Swamp:2  | Reached skill level 14 in Fighting
 32551 | Swamp:3  | Noticed mopl's ghost (adept GnBe)
 33649 | Swamp:3  | Killed mopl's ghost
 33715 | Swamp:3  | Got a fine scale mail
 33727 | Swamp:3  | Identified the +3 scale mail of the Meadowlark {rN+ rCorr Str+3} (You found it on level 3 of the Swamp)
 33888 | Swamp:4  | Entered Level 4 of the Swamp
 35024 | Swamp:2  | Reached XP level 17. HP: 35/154 MP: 9/26
 35480 | Swamp:4  | Noticed the 27-headed Lernaean hydra
 35704 | Swamp:4  | Killed the 27-headed Lernaean hydra
 35947 | Swamp:4  | Offered knowledge of Conjure Ball Lightning by Vehumet.
 36218 | Swamp:4  | Got a decaying rune of Zot
 36506 | Spider:1 | Entered Level 1 of the Spider Nest
 36513 | Spider:1 | Reached skill level 15 in Fighting
 37379 | Spider:1 | Got a fine lead amulet
 37380 | Spider:1 | Identified the amulet "Rauloddyz" {Harm *Drain rN+} (You found it on level 1 of the Spider Nest)
 37844 | Spider:2 | Reached skill level 1 in Evocations
 38040 | Spider:2 | Offered knowledge of Bolt of Cold by Vehumet.
 38078 | Spider:2 | Reached skill level 1 in Ice Magic
 38461 | Spider:2 | Learned a level 6 spell: Freezing Cloud
 38750 | Spider:3 | Reached skill level 1 in Air Magic
 38764 | Spider:3 | Noticed Arachne
 38851 | Spider:3 | Killed Arachne
 38851 | Spider:3 | Reached XP level 18. HP: 129/163 MP: 15/27
 39289 | Spider:3 | Reached skill level 5 in Ice Magic
 39313 | Spider:3 | Offered knowledge of Lehudib's Crystal Spear by Vehumet.
 39313 | Spider:3 | Offered knowledge of Glaciate by Vehumet.
 39313 | Spider:3 | Offered knowledge of Ignition by Vehumet.
 39787 | Spider:4 | Entered Level 4 of the Spider Nest
 41662 | Spider:4 | Reached skill level 5 in Air Magic
 42466 | Spider:4 | Reached XP level 19. HP: 170/170 MP: 29/29
 42922 | Spider:4 | Got a gossamer rune of Zot
 43401 | Vaults:1 | Entered Level 1 of the Vaults
 43694 | Vaults:1 | Noticed Asterion
 43720 | Vaults:1 | Killed Asterion
 43720 | Vaults:1 | Reached skill level 10 in Spellcasting
 45453 | Vaults:2 | Found Jirozarr's Gadget Emporium.
 45945 | Vaults:2 | Found Eqyomeul's Antique Weapon Boutique.
 45998 | Vaults:2 | Found Evyfercha's Antique Weapon Shoppe.
 46380 | Vaults:2 | Reached XP level 20. HP: 121/179 MP: 31/31
 47692 | Vaults:3 | Upgraded the game from 0.20-a0-1117-g62da73f to 0.20-a0-1121-gbb42413
 48607 | Vaults:3 | Found a staircase to the Crypt.
 48607 | Vaults:3 | Found an ancient bone altar of Kikubaaqudgha.
 48608 | Vaults:3 | Found a basalt altar of Yredelemnul.
 49342 | Vaults:4 | Learned a level 2 spell: Swiftness
 49355 | Vaults:4 | Noticed Jorgrun
 49361 | Vaults:4 | Killed Jorgrun
 49656 | Vaults:4 | Found a blossoming altar of Fedhas.
 50221 | Vaults:4 | Reached XP level 21. HP: 138/185 MP: 33/33
 50238 | Vaults:4 | Learned a level 8 spell: Ignition
 50941 | Vaults:4 | Found a roughly hewn altar of Beogh.
 51193 | Vaults:4 | Reached skill level 15 in Fire Magic
 51879 | Orc:2    | Bought an uncursed ring of wizardry for 420 gold pieces
 51923 | Orc:1    | Bought a potion of might for 64 gold pieces
 51923 | Orc:1    | Bought a potion of haste for 160 gold pieces
 51923 | Orc:1    | Bought a potion of haste for 160 gold pieces
 51923 | Orc:1    | Bought a potion of haste for 160 gold pieces
 51967 | Elf:1    | Entered Level 1 of the Elven Halls
 53444 | Elf:1    | Identified the Volume of Floating Aid
 53450 | Elf:1    | Learned a level 3 spell: Spectral Weapon
 53648 | Elf:2    | Found Alumemiz's Jewellery Emporium.
 53698 | Elf:2    | Reached skill level 1 in Hexes
 53705 | Elf:2    | Reached skill level 1 in Charms
 54079 | Elf:2    | Found a large runed door.
 54079 | Elf:2    | Found a large runed door.
 54150 | Elf:2    | Found a large runed door.
 54150 | Elf:2    | Found a large runed door.
 54676 | Slime:1  | Entered Level 1 of the Pits of Slime
 54983 | Slime:2  | Reached XP level 22. HP: 105/193 MP: 31/34
 55109 | Slime:5  | Entered Level 5 of the Pits of Slime
 55445 | Slime:5  | Found a viscous altar of Jiyva.
 55496 | Slime:5  | Noticed the Royal Jelly
 55507 | Slime:5  | Killed the Royal Jelly
 55739 | Slime:5  | Got a clouded brass ring
 55741 | Slime:5  | Identified the ring of the Vanishing Ghosts {rCorr rElec rC+ Str-5} (You found it on level 5 of the Pits of Slime)
 55789 | Slime:5  | Got a steaming copper ring
 55791 | Slime:5  | Identified the ring of Xuibrere {rF+ Int+6 Stlth-} (You found it on level 5 of the Pits of Slime)
 55847 | Slime:5  | Got a slimy rune of Zot
 56296 | Spider:2 | Reached skill level 16 in Fighting
 56660 | Depths:1 | Entered Level 1 of the Depths
 56660 | Depths:1 | Found a corrupted altar of Lugonu.
 57637 | Depths:1 | Found a one-way gate to the infinite horrors of the Abyss.
 58241 | Depths:1 | Learned a level 3 spell: Regeneration
 58410 | Depths:1 | Reached skill level 17 in Fighting
 58413 | Depths:1 | Found a one-way gate leading to the halls of Pandemonium.
 58447 | Depths:1 | Found a gateway to Hell.
 58871 | Depths:2 | Noticed Bai Suzhen
 58896 | Depths:2 | Killed Bai Suzhen
 59460 | Depths:2 | Reached XP level 23. HP: 39/206 MP: 27/35
 59581 | Depths:2 | Noticed a golden dragon
 59594 | Depths:2 | Killed a golden dragon
 59670 | Depths:2 | Noticed an ancient lich
 59691 | Depths:2 | Reached skill level 18 in Fighting
 59908 | Depths:2 | Killed an ancient lich
 59924 | Depths:2 | Noticed a caustic shrike
 60030 | Depths:2 | Killed a caustic shrike
 60544 | Depths:2 | Got a polished battleaxe {chop}
 60546 | Depths:2 | Identified the cursed +0 battleaxe of the Radish {chop, MP+9 Str+4} (You found it on level 2 of the Depths)
 60630 | Depths:2 | Reached skill level 5 in Dodging
 60728 | Depths:2 | Reached skill level 19 in Fighting
 61197 | Depths:2 | Learned a level 1 spell: Animate Skeleton
 62010 | Depths:3 | Reached skill level 5 in Evocations
 62448 | Depths:3 | Paralysed by a floating eye for 3 turns
 62542 | Depths:3 | Noticed Margery
 62557 | Depths:3 | Killed Margery
 63359 | Depths:4 | Reached XP level 24. HP: 209/223 MP: 24/35
 63783 | Depths:4 | Reached skill level 15 in Armour
 63816 | Depths:4 | Reached skill level 20 in Fighting
 63928 | Depths:4 | Found a stormy altar of Qazlal.
 64352 | Depths:4 | Found a snail-covered altar of Cheibriados.
 65285 | Depths:4 | Found a hazy altar of Hepliaklqana.
 65304 | Depths:4 | Found a gateway to a ziggurat.
 65316 | Depths:4 | Got a warped leather armour
 65323 | Depths:4 | Identified the +1 leather armour of Gravitas {rN++ Int-2 Dex+5} (You found it on level 4 of the Depths)
 65794 | Depths:4 | Got a twitching platinum ring
 65810 | Depths:4 | Identified the ring "Jyutogenag" {rPois rF+} (You took it off a tengu warrior on level 4 of the Depths)
 66297 | Depths:4 | Reached skill level 21 in Fighting
 66297 | Depths:4 | Reached skill level 10 in Evocations
 66376 | Depths:4 | Identified the +2 hat "Rehargh" {-Cast rF+ rC+ MR+} (You found it on level 4 of the Depths)
 66401 | Depths:4 | Identified Sif Muna's Disquisition on Bewitchment (You found it on level 4 of the Depths)
 66456 | Depths:4 | Found an opulent altar of Gozag.
 66585 | Depths:3 | Learned a level 2 spell: Blink
 66956 | Depths:5 | Entered Level 5 of the Depths
 67094 | Depths:5 | Reached XP level 25. HP: 147/236 MP: 35/35
 67243 | Depths:5 | Found a flickering gateway to a bazaar.
 67259 | Bazaar   | Entered a bazaar
 67260 | Bazaar   | Found Duaps's Antique Armour Boutique.
 67260 | Bazaar   | Found Odaxanorih's Distillery.
 67261 | Bazaar   | Found Ituzxium's Antique Weapon Emporium.
 67289 | Bazaar   | Bought a potion of might for 28 gold pieces
 67289 | Bazaar   | Bought a potion of heal wounds for 35 gold pieces
 67289 | Bazaar   | Bought a potion of agility for 28 gold pieces
 67289 | Bazaar   | Bought 2 potions of brilliance for 56 gold pieces
 67289 | Bazaar   | Bought a potion of agility for 28 gold pieces
 67289 | Bazaar   | Bought a potion of brilliance for 28 gold pieces
 67289 | Bazaar   | Bought a potion of might for 28 gold pieces
 67289 | Bazaar   | Bought a potion of heal wounds for 35 gold pieces
 67292 | Bazaar   | Found Xikkyeno's Armour Emporium.
 67311 | Bazaar   | Bought faintly glowing ice dragon scales for 1495 gold pieces
 67322 | Bazaar   | Identified the +6 ice dragon scales of Forking Paths {rPois rF- rC++ rCorr} (You bought it in a shop in a bazaar)
 67325 | Bazaar   | Bought a jewelled chain mail for 218 gold pieces
 67325 | Bazaar   | Bought an ichor-stained chain mail for 218 gold pieces
 67335 | Bazaar   | Identified the +1 chain mail "Hiot" {Int+2} (You bought it in a shop in a bazaar)
 67345 | Bazaar   | Identified the +13 chain mail of Anipuff {rElec Dex+3} (You bought it in a shop in a bazaar)
 68119 | Depths:5 | Noticed the Enchantress
 68388 | Depths:5 | Reached skill level 22 in Fighting
 68388 | Depths:5 | Killed the Enchantress
 68593 | Depths:5 | Got faerie dragon scales
 68800 | Depths:5 | Found a gate to the Realm of Zot.
 69066 | Depths:5 | Identified the +0 faerie dragon scales {rCorr Dex+4} (You took it off the Enchantress on level 5 of the Depths)
 69189 | Depths:5 | Identified Liam Hie's Compendium of the Fiery Traveller
 69191 | Depths:5 | Identified the +5 chain mail of Makhleb's Anger {rC+} (You found it on level 5 of the Depths)
 69270 | Depths:5 | Reached skill level 23 in Fighting
 69543 | Zot:1    | Entered Level 1 of the Realm of Zot
 71075 | Zot:1    | Reached XP level 26. HP: 206/254 MP: 35/35
 71231 | Zot:1    | Noticed an orb of fire
 71501 | Zot:3    | Reached skill level 24 in Fighting
 71710 | Zot:5    | Entered Level 5 of the Realm of Zot
 72411 | Zot:5    | HP: 12/381 [electric golem/bolt of lightning (23)]
 72413 | Zot:5    | Mangled by an electric golem

Vault maps used:
D:1:      dpeg_arrival_water_temple_mockup
D:3:      nicolae_overflow_crystal_walls, first_bread
D:4:      gammafunk_temple_overflow_statue, minmay_temple_entry_enclosed_plants,
          nicolae_ossuary_entry_giza, minmay_misc_feat_pillars,
          uniq_blork_the_orc
D:5:      kennysheep_mini_moat, lemuel_round_altar, marbit_many_paths,
          old_standard_altar, vehumet_altar_wand_db, uniq_menkaure, uniq_edmund
D:6:      old_standard_altar, kennysheep_little_box, serial_curves,
          eino_curves_03, eino_curves_03
D:7:      lemuel_coloured_pillars_altar, kennysheep_okawaru_gauntlet,
          uniq_duvessa
D:8:      cheibrodos_wizards_tower, grunt_temple_overflow_gold_and_silver,
          kennysheep_mini, xom_butterflies, hangedman_incinerator
D:9:      lemuel_round_altar, dpeg_lair_monsters, enter_bailey_3
D:11:     orc_0_dummy, portal_ice_cave_entry_pillars_1, uniq_urug
D:12:     uniq_snorg
D:14:     hangedman_vaults_entry_quadrant_bands
D:15:     grunt_enter_depths_giant_problem, serial_park_tiny_pond
Temple:   corrupted_temple
Lair:3:   spider_nest_entry_a, infiniplex_staircase_pool_2, lemuel_fruit_fields,
          grunt_megastairs_2
Lair:4:   minmay_swamp_entry_swarm, uniq_sonja
Lair:5:   minmay_lindwurm_lava, serial_bayou_shore_a
Lair:6:   guppyfry_lair_end_dragon, hangedman_lair_caniforms_friends,
          nicolae_slime_entry_slimehenge
Swamp:1:  evilmike_swamp_ruin_house_5
Swamp:2:  evilmike_swamp_ruin_house_2, swamp_pool1
Swamp:3:  evilmike_swamp_ruin_house_4, swamp_pool3, nicolae_swamp_trees_clearing
Swamp:4:  swamp_old_school, infiniplex_staircase_pool
Spider:1: spider_trap
Spider:2: guppyfry_spider_mini_2
Spider:3: spider_trap, uniq_arachne
Spider:4: floodkiller_spider_rune_tomb
Slime:3:  basic_altar
Orc:1:    basic_altar, serial_shops, shop
Orc:2:    kennysheep_orc_mage_school, basic_altar, serial_shops, shop,
          nicolae_shop_statue_plus, uniq_nessos
Elf:1:    eino_elf_arrival_customs, hangedman_elven_crosses_minicolossus
Elf:2:    serial_shops, nicolae_shop_temple_entry_statues_fountains
Vaults:1: vaults_mumra_hexcomb, nicolae_vaults_network_square,
          nicolae_vaults_gold_heap, ontoclasm_vaults_decontamination,
          vaults_mumra_hex, v_misc_15, ontoclasm_vaults_eye,
          hangedman_vaults_restitches, grunt_vaults_focal,
          nicolae_vaults_diagonal_hallway_7, ontoclasm_vaults_tryst,
          uniq_asterion
Vaults:2: v_misc_28, hangedman_vaults_nails, v_misc_25,
          grunt_vaults_hallway_short, nicolae_vaults_shelves_hall,
          hangedman_vaults_impose, ontoclasm_vaults_shuriken,
          nicolae_vaults_yaktaur_gun_rack, serial_shops, shop_fountains, shop,
          nicolae_shop_crystal
Vaults:3: hangedman_vaults_impose, hangedman_vaults_maws, vaults_dpeg_hooks,
          vaults_room_glass_cross, vaults_dpeg_encased_lava,
          minmay_crypt_entry_necro_gods, v_misc_3, ontoclasm_vaults_fault,
          vaults_room_fours, vaults_room_semicircle, nicolae_vaults_asterisk,
          nicolae_vaults_ring_of_whatevers, vaults_mumra_minichess, v_misc_14,
          vaults_dpeg_cross
Vaults:4: v_misc_25, nicolae_vaults_ninety_degrees, hangedman_vaults_impose,
          special_room_vaults, hangedman_vaults_stagger, v_misc_25,
          vaults_room_fancy_cross, nicolae_vaults_angled_halls,
          dpeg_vaults_monster_row, vaults_mumra_minichess_inversion,
          hangedman_vaults_stretched_pinwheel, ontoclasm_vaults_misaligned,
          nicolae_vaults_little_squares_2, ontoclasm_vaults_ring_square,
          basic_altar, uniq_jorgrun
Depths:1: abyss_entry_flame_altar, hangedman_decor_riveting,
          grunt_pan_entry_zigzag, hell_entry, minmay_stone_trees_small,
          lemuel_freeze_loot_1
Depths:2: minmay_concentric_multi, hell_entry, rand_demon_pan_entry_5,
          corexii_hall_statues_u, uniq_bai_suzhen
Depths:3: nooodl_glass_maze, minmay_misc_feat_alley, grunt_metal_band,
          pan_entry, minmay_misc_feat_enclosed, minmay_gold_behind_fungi,
          feat_on_display
Depths:4: grunt_profane_halls, hell_entry, abyss_entry, pan_entry
Depths:5: lemuel_castle_with_subvaults, serial_column_ruins,
          column_ruins_hut_ruined, column_ruins_grid_2, column_ruins_open_small,
          column_ruins_corridor_corner, column_ruins_grid_3,
          column_ruins_columns_corner, abandoned_shop,
          grunt_hell_entry_dis_grunt, serial_shops, bzr_entry_gold, st_stairs_3,
          uniq_enchantress
Zot:1:    nrook_zot_tub
Zot:2:    lemuel_lake_of_fire, grunt_megastairs_3
Zot:3:    kennysheep_ambush_hall
Zot:4:    lemuel_acid_trip
Zot:5:    grunt_ministairs_2
Bazaar:   bazaar_minmay_plants
IceCv:    ice_cave_small_giant

Skill      XL: |  1  2  3  4  5  6  7  8  9 10 11 12 13 14 15 16 17 18 19 20 21 22 23 24 25 26 |
---------------+-------------------------------------------------------------------------------+-----
Conjurations   | 2 3 4 5 7 9 10 11 12 | 12.2
Spellcasting   | 2 3 4 5 6 7 8 9 10 11 12 | 12.8
Fire Magic     | 4 5 6 7 8 9 10 13 16 18 | 18.6
Shields        | 2 3 4 |  4.0
Armour         | 4 7 8 10 11 13 14 15 17 18 | 18.1
Fighting       | 5 7 9 11 13 14 15 17 19 21 23 24 | 24.0
Short Blades   | 3 4 |  4.0
Axes           | 7 11 14 17 21 23 | 23.9
Dodging        | 2 3 5 |  5.5
Evocations     | 1 6 10 11 | 11.0
Ice Magic      | 4 8 9 |  9.0
Air Magic      | 2 5 8 9 |  9.0
Hexes          | 2 3 |  3.1
Charms         | 2 |  2.6
Stealth        | |  1.5

Action                   |  1- 3 |  4- 6 |  7- 9 | 10-12 | 13-15 | 16-18 | 19-21 | 22-24 | 25-27 || total
-------------------------+-------+-------+-------+-------+-------+-------+-------+-------+-------++-------
Melee: Short sword       |    90 |    34 |    91 |    65 |       |       |       |       |       ||   280
       War axe           |       |    91 |   205 |   111 |  1045 |    62 |       |       |       ||  1514
       Dagger            |       |       |       |   294 |       |       |       |       |       ||   294
       Battleaxe         |       |       |       |       |       |  1116 |  1132 |  1004 |   501 ||  3753
       Executioner's axe |       |       |       |       |       |       |       |   201 |       ||   201
Throw: Tomahawk          |       |       |     1 |     1 |       |       |       |       |       ||     2
 Cast: Flame Tongue      |    22 |    38 |    88 |    78 |       |       |       |       |       ||   226
       Throw Flame       |     3 |     8 |    36 |    27 |    55 |   100 |     3 |       |       ||   232
       Conjure Flame     |       |     2 |     7 |     9 |     5 |     9 |     5 |       |     2 ||    39
       Sticky Flame      |       |       |    33 |    85 |    50 |    69 |    47 |    23 |     6 ||   313
       Fireball          |       |       |       |     8 |    22 |    28 |    36 |    37 |    21 ||   152
       Throw Icicle      |       |       |       |       |    75 |    86 |    54 |    79 |    13 ||   307
       Bolt of Magma     |       |       |       |       |     7 |    41 |    68 |    43 |    10 ||   169
       Freezing Cloud    |       |       |       |       |       |       |    26 |    16 |     8 ||    50
       Ignition          |       |       |       |       |       |       |       |    33 |     6 ||    39
       Spectral Weapon   |       |       |       |       |       |       |       |    12 |     3 ||    15
       Regeneration      |       |       |       |       |       |       |       |     5 |     8 ||    13
 Abil: Evoke Flight      |       |       |       |       |     2 |     1 |       |       |     1 ||     4
Evoke: Wand              |       |       |       |     4 |     4 |    13 |     1 |     2 |       ||    24
       Fan of gales      |       |       |       |       |       |       |     1 |       |       ||     1
  Use: Scroll            |     1 |     6 |     3 |    15 |    17 |    12 |    14 |    36 |     9 ||   113
       Potion            |       |     3 |    11 |     3 |     5 |    11 |    16 |    12 |     6 ||    67
 Stab: Sleeping          |     7 |     1 |       |       |       |       |       |       |       ||     8
       Distracted        |       |       |       |       |       |       |     1 |     3 |       ||     4
       Invisible         |       |       |       |       |       |       |       |     1 |       ||     1
  Eat: Chunk             |     3 |     7 |    17 |    25 |    30 |    29 |    46 |    18 |    11 ||   186
       Meat ration       |       |     1 |       |     3 |     3 |     5 |     2 |     6 |     1 ||    21
       Bread ration      |       |       |     1 |     1 |       |       |       |     1 |       ||     3
       Royal jelly       |       |       |     1 |       |     1 |     6 |     2 |     2 |     4 ||    16
       Fruit             |       |       |       |     1 |       |       |       |    17 |       ||    18
Armor: Robe              |    24 |     9 |    55 |    12 |       |       |       |       |       ||   100
       Leather armour    |       |    13 |       |       |       |       |       |       |       ||    13
       Ring mail         |       |    16 |    45 |    86 |       |       |    94 |    86 |       ||   327
       Skin              |       |       |    20 |       |       |       |       |       |    10 ||    30
       Plate armour      |       |       |       |    35 |     1 |       |       |       |       ||    36
       Scale mail        |       |       |       |    87 |   500 |       |   410 |       |       ||   997
       Chain mail        |       |       |       |       |    23 |  1214 |    97 |       |   305 ||  1639
       Swamp dragon scal |       |       |       |       |       |       |       |   214 |       ||   214
       Quicksilver drago |       |       |       |       |       |       |       |   433 |    25 ||   458
Dodge: Dodged            |    80 |    96 |   191 |   243 |   561 |   754 |   536 |   666 |   211 ||  3338
Block: Buckler           |       |       |    62 |   106 |   208 |    14 |       |       |       ||   390
